 Dungeon Crawl Stone Soup version 0.14.0-26-g1682e81 (webtiles) character file.

2173 Heini the Cleaver (level 9, -7/79 HPs)
             Began as a Hill Orc Fighter on Apr 26, 2014.
             Mangled by Heini's ghost (11 damage)
             ... on Level 7 of the Dungeon.
             The game lasted 00:18:12 (5377 turns).

Heini the Cleaver (Hill Orc Fighter)                Turns: 5377, Time: 00:18:13

HP  -7/79        AC 12     Str 22      XL: 9   Next: 13%
MP   9/9         EV  7     Int  8      God:
Gold 313         SH 19     Dex 10      Spells:  0 memorised,  8 levels left

rFire  . . .     SeeInvis .     a - +0,+1 war axe
rCold  . . .     Clarity  .     b - +0 scale mail
rNeg   . . .     Conserve .     c - +0 shield
rPois  .         rCorr    .     (no helmet)
rElec  .         rRot     .     h - +2 cloak
SustAb + .       Spirit   .     (no gloves)
rMut   .         Warding  .     E - +0 pair of boots
Gourm  +         Stasis   .     q - amulet of the gourmand
MR     .....                    (no ring)
                                s - ring of sustain abilities

@: not resistant to hostile enchantments, extremely unstealthy
A: saprovore 1
a: no special abilities


You were on level 7 of the Dungeon.
You were very full.

You visited 2 branches of the dungeon, and saw 8 of its levels.

You collected 313 gold pieces.

Inventory:

Hand weapons
 a - a +0,+1 war axe (weapon)
Armour
 b - a +0 scale mail (worn)
 c - a +0 shield (worn)
 h - a +2 cloak (worn)
 v - a +0 pair of gloves
 y - a +0 plate armour
 E - a +0 pair of boots (worn)
Comestibles
 d - 3 meat rations
 i - 4 bread rations
 p - 2 chokos
 B - 2 rotting chunks of giant frog flesh
 C - a chunk of orc flesh
Scrolls
 j - 4 scrolls of identify
 l - 3 scrolls of magic mapping
 m - 4 scrolls of remove curse
 n - 2 scrolls of amnesia
 o - a scroll of teleportation
 u - 2 scrolls of enchant weapon II
 x - a scroll of fog {unknown}
 D - a scroll of enchant armour {unknown}
Jewellery
 q - an amulet of the gourmand (around neck)
 r - an uncursed amulet of faith
 s - a ring of sustain abilities (left hand)
Potions
 e - a potion of might
 f - 8 potions of curing
 g - a potion of heal wounds
 k - 2 potions of resistance
 t - a potion of beneficial mutation {unknown}
 w - 3 potions of agility
 z - a potion of restore abilities {unknown}
 A - a potion of cure mutation {unknown}


   Skills:
 * Level 7.6 Fighting
 * Level 10.3 Axes
 * Level 7.7 Armour
 - Level 3.5 Shields


You had 8 spell levels left.
You didn't know any spells.

Dungeon Overview and Level Annotations

Branches:
Dungeon (7/15)             Temple (1/1) D:6

Altars:
Ashenzari
Cheibriados
Dithmenos
Elyvilon
Fedhas
Makhleb
Nemelex Xobeh
Sif Muna
Trog
Vehumet
Xom
Yredelemnul
The Shining One

Annotations:
D:7 Heini's ghost, experienced HOFi


Innate Abilities, Weirdness & Mutations

You can tolerate rotten meat.


Message History

Heini's ghost is almost destroyed.
Heini's ghost mumbles, "They all look like pillowcases to me..."
Heini's ghost barely misses you.
You hit Heini's ghost but do no damage.
Heini's ghost is almost destroyed.
Heini's ghost barely misses you.
Your scale mail prevents you from hitting Heini's ghost.
Heini's ghost is almost destroyed.
You block Heini's ghost's attack.
You completely miss Heini's ghost.
Heini's ghost is almost destroyed.
Heini's ghost hits you but does no damage.
You hit Heini's ghost but do no damage.
Heini's ghost is almost destroyed.
Heini's ghost hits you but does no damage.
You hit Heini's ghost but do no damage.
Heini's ghost is almost destroyed.
Heini's ghost lets out a mournful wail.
Heini's ghost hits you!
You die...

#.....#
#.....#########
#..............
#.....########.
#.....# ###.###
#.# #.# #@# #p#
... #..## #..#
#..# #.$# #..#
..#


You could see Heini's ghost.

Vanquished Creatures
  Pikel (D:4)
  A sky beast (D:7)
  2 ogres
  An orc warrior (D:6)
  2 slaves (D:4)
  Duvessa (D:7)
  Blork the orc (D:7)
  A giant frog (D:7)
  A goliath beetle (D:3)
  Dowan (D:7)
  4 orc priests
  A crimson imp (D:7)
  2 hounds
  Crazy Yiuf (D:2)
  3 worker ants
  8 orc wizards
  2 iguanas (D:4)
  9 adders
  2 worms (D:3)
  A giant eyeball (D:4)
  5 giant geckos
  An ooze (D:5)
  21 orcs
  A ball python (D:5)
  6 bats
  A bat skeleton (D:5)
  4 giant cockroaches
  11 hobgoblins
  19 jackals
  3 quokkas
  3 giant newts
  A gnoll skeleton (D:4)
  11 goblins
  14 kobolds
  11 rats
157 creatures vanquished.

Vanquished Creatures (others)
  A worker ant (D:4)
  An adder (D:4)
  An orc skeleton (D:4)
  A giant cockroach (D:4)
  A hobgoblin (D:4)
  A goblin (D:4)
  A hobgoblin skeleton (D:4)
  A quokka (D:4)
  A rat (D:4)
9 creatures vanquished.

Grand Total: 166 creatures vanquished

Notes
Turn   | Place    | Note
--------------------------------------------------------------
     0 | D:1      | Heini, the Hill Orc Fighter, began the quest for the Orb.
     0 | D:1      | Reached XP level 1. HP: 19/19 MP: 1/1
   220 | D:1      | Reached XP level 2. HP: 25/27 MP: 2/2
   322 | D:1      | Reached skill level 4 in Fighting
   635 | D:2      | Reached XP level 3. HP: 28/33 MP: 3/3
   887 | D:2      | Reached XP level 4. HP: 27/41 MP: 4/4
  1042 | D:2      | Noticed Crazy Yiuf
  1056 | D:2      | Killed Crazy Yiuf
  1520 | D:3      | Reached XP level 5. HP: 32/47 MP: 5/5
  1718 | D:3      | Reached skill level 5 in Fighting
  1771 | D:3      | HP: 2/48 [goliath beetle (19)]
  2181 | D:3      | Reached skill level 5 in Armour
  2181 | D:3      | Reached XP level 6. HP: 46/56 MP: 6/6
  2246 | D:3      | Reached skill level 5 in Axes
  2651 | D:4      | Noticed Pikel
  2681 | D:4      | Killed Pikel
  2681 | D:4      | Reached skill level 6 in Fighting
  2681 | D:4      | Reached skill level 7 in Axes
  2681 | D:4      | Reached XP level 7. HP: 44/63 MP: 7/7
  2866 | D:4      | Paralysed by a giant eyeball for 2 turns
  2873 | D:4      | Paralysed by a giant eyeball for 2 turns
  2879 | D:4      | Paralysed by a giant eyeball for 4 turns
  2902 | D:4      | Reached XP level 8. HP: 20/70 MP: 8/8
  3262 | D:4      | Reached skill level 8 in Axes
  3597 | D:5      | Entered Level 5 of the Dungeon
  3970 | D:5      | Found a white marble altar of Elyvilon.
  4117 | D:6      | Found a staircase to the Ecumenical Temple.
  4143 | D:6      | Reached skill level 9 in Axes
  4153 | Temple   | Entered the Ecumenical Temple
  4691 | D:7      | Noticed Dowan
  4692 | D:7      | Noticed Duvessa
  4703 | D:7      | Killed Duvessa
  4734 | D:7      | Killed Dowan
  4984 | D:7      | Reached XP level 9. HP: 41/79 MP: 9/9
  5130 | D:7      | Reached skill level 10 in Axes
  5153 | D:7      | Noticed Blork the orc
  5168 | D:7      | Killed Blork the orc
  5349 | D:7      | Noticed Heini's ghost (experienced HOFi)
  5367 | D:7      | HP: 1/79 [Heini's ghost (13)]
  5377 | D:7      | Mangled by Heini's ghost

Action                   |  1- 3 |  4- 6 |  7- 9 || total
-------------------------+-------+-------+-------++-------
Melee: War axe           |   107 |   220 |   270 ||   597
  Use: Scroll            |     3 |     3 |     5 ||    11
       Potion            |       |     3 |       ||     3
